 Dungeon Crawl Stone Soup version 0.27.1-1-g398f81649c (webtiles) character file.

Game seed: 1294672250348798870

83 PeterMcNeter the Ruffian (level 4, -1/36 HPs)
             Began as a Draconian Transmuter on Sept 19, 2021.
             Slain by Terence (8 damage)
             ... on level 3 of the Dungeon.
             The game lasted 00:02:16 (2459 turns).

PeterMcNeter the Ruffian (Draconian Transmuter)     Turns: 2459, Time: 00:02:16

Health: -1/36      AC:  2    Str: 13    XL:     4   Next: 22%
Magic:  2/7        EV: 19    Int: 13    God:
Gold:   116        SH:  0    Dex: 17    Spells: 3/7 levels left

rFire    . . .     SeeInvis .     - Unarmed
rCold    . . .     Faith    .   (shield currently unavailable)
rNeg     . . .     Spirit   .   (armour unavailable)
rPois    x         Reflect  .   (helmet currently unavailable)
rElec    .         Harm     .   (cloak currently unavailable)
rCorr    .         Rampage  .   (gloves currently unavailable)
Will     .....                  (boots currently unavailable)
Stlth    ++........             (no amulet)
HPRegen  0.12/turn              d - ring of flight
MPRegen  0.10/turn              (no ring)

@: spider-form (expiring), flying, very slightly contaminated
A: venomous fangs, AC +5, tiny, unfitting armour, (cold-blooded)
a: End Transformation


You were on level 3 of the Dungeon.
You were a venomous arachnid creature.
You visited 1 branch of the dungeon, and saw 3 of its levels.

You collected 116 gold pieces.

Inventory:

Armour
 e - a +0 tower shield
Jewellery
 d - a ring of flight (left front leg)
Scrolls
 f - a scroll of fog
 h - a scroll of noise
Potions
 a - a potion of attraction {unknown}
 b - 2 potions of mutation
 c - 2 potions of heal wounds {unknown}
 g - a potion of berserk rage
 i - a potion of degeneration {unknown}


   Skills:
 + Level 1.7 Fighting
 + Level 2.2 Dodging
 + Level 0.8 Stealth
 + Level 0.3 Shields
 * Level 3.8 Unarmed Combat
 + Level 2.3 Spellcasting
 + Level 2.3 Transmutations
 + Level 0.4 Poison Magic


You had 3 spell levels left.
You knew the following spells:

 Your Spells              Type           Power      Damage    Failure   Level
a - Beastly Appendage     Tmut           14%        N/A       24%         1
c - Spider Form           Tmut/Pois      2%         N/A       61%         3

Your spell library contained the following spells:

 Spells                   Type           Power      Damage    Failure   Level
 Wereblood                Tmut           7%         N/A       32%         2
 Ice Form                 Ice/Tmut       4%         N/A       94%         4
 Summon Forest            Summ/Tloc      0%         N/A       100%        5
 Summon Mana Viper        Hex/Summ       1%         N/A       100%        5
 Shadow Creatures         Summ           N/A        N/A       100%        6


Dungeon Overview and Level Annotations

Branches:
Dungeon (3/15)

Altars:
Trog

Annotations:
D:3 2 runed translucent doors, Terence


Innate Abilities, Weirdness & Mutations

You are a venomous arachnid creature.
You have poisonous fangs.
You are tiny and dextrous.
Your spellcasting is less reliable in this form.
Your armour is entirely melded.
You are incapable of wielding weapons or throwing items.
((Your plain brown scales are hard. (AC +5)))
You cannot fit into any form of body armour.
((You are cold-blooded and may be slowed by cold attacks.))


Message History

You feel sick.
You feel sick.
Your transformation is almost over.
You feel sick.
You are no longer poisoned.
Your horns disappear.
Your talons disappear.
A rat comes into view.
Casting: Beastly Appendage (safe; 10% risk of failure)
Press: ? - help, Q - select action Dir - look around, f - activate You grow a pair of large bovine horns.
Your feet morph into talons.
Unknown command.
The helpless rat fails to defend itself.
You hit the rat.
You kill the rat!
No target in view!
No target in view!
Your transformation is almost over.
j - a scroll labelled RIKIEKOQUPS
j - 2 scrolls labelled RIKIEKOQUPS (gained 1)
You see here a rat corpse.
Your horns disappear.
Your talons disappear.
An orc comes into view. It is wielding a +0 whip.
The orc shouts!
A giant cockroach comes into view.
Casting: Beastly Appendage (safe; 10% risk of failure)
Press: ? - help, Q - select action Dir - look around, f - activate You grow a pair of large bovine horns.
Your feet morph into talons.
The orc misses you.
Unknown command.
You hit the orc. You claw the orc. You headbutt the orc.
You kill the orc!
A dart slug comes into view.
The giant cockroach closely misses you.
You barely miss the giant cockroach. You claw the giant cockroach.
Your tail-slap misses the giant cockroach.
The giant cockroach is moderately wounded.
The giant cockroach closely misses you.
You hit the giant cockroach. Your kick misses the giant cockroach.
Your headbutt misses the giant cockroach.
The giant cockroach is heavily wounded.
The giant cockroach barely misses you.
You closely miss the giant cockroach. Your kick misses the giant cockroach.
The giant cockroach is heavily wounded.
The giant cockroach bites you.
You hit the giant cockroach. You claw the giant cockroach.
You kill the giant cockroach!
Your transformation is almost over.
You barely miss the dart slug. You headbutt the dart slug!
The dart slug is almost dead.
You hit the dart slug.
You kill the dart slug!
No target in view!
No target in view!
Your horns disappear.
Your talons disappear.
Things that are here:
a +0 whip; a +0 leather armour You now have 116 gold pieces (gained 7).
Terence the Incautious comes into view.
He is wielding a +0 short sword and wearing a +1 chain mail of poison resistance.
Terence shouts!
Terence drinks a potion.
Terence goes berserk!
You see here 15 arrows.
Casting: Beastly Appendage (safe; 10% risk of failure)
Confirm with . or Enter, or press ? or * to list all spells.
Okay, then.
Casting: Beastly Appendage (safe; 10% risk of failure)
Confirm with . or Enter, or press ? or * to list all spells.
The spell is quite dangerous to cast (38% risk of failure)!
Continue anyway?
You miscast Spider Form.
You are very lightly contaminated with residual magic.
Nothing appears to happen.
As you read the scroll labelled YKAGUNYIHU, it crumbles to dust.
The scroll dissolves into smoke.
It was a scroll of fog.
As you read the scroll labelled RIKIEKOQUPS, it crumbles to dust.
It is a scroll of identify.
h - a scroll of noise Terence barely misses you.
Terence hits you with a +0 short sword!
A hobgoblin comes into view.
As you read the scroll of identify, it crumbles to dust.
b - 2 potions of mutation Terence barely misses you.
Terence hits you with a +0 short sword!
Casting: Spider Form (quite dangerous; 38% risk of failure)
Confirm with . or Enter, or press ? or * to list all spells.
The spell is quite dangerous to cast (38% risk of failure)!
Continue anyway?
You turn into a venomous arachnid creature.
Terence completely misses you.
You hit Terence.
Terence is lightly wounded.
Terence hits you with a +0 short sword!
* * * LOW HITPOINT WARNING * * *
Terence barely misses you.
You hit Terence.
Terence is lightly wounded.
Your transformation is almost over.
Terence hits you with a +0 short sword.
* * * LOW HITPOINT WARNING * * *
Terence barely misses you.
Terence rages.
Terence hits you with a +0 short sword!
You die...

............###.#.#
#####..#####.# .#.#
#..# #.# .## ###
#..#####.###....#
..# #.............#
#.#
#.######.####...#
#§###.######.# #
#.###§##..†......#
#.§§§g§@s...)#####
###§#####..#.# #.
##...# .. ##.## :..
#.# .### #.# #. #.#
# #..


You could see Terence (berserk) and a hobgoblin.

Vanquished Creatures
  3 adders
  A worm (D:3)
  4 dart slugs
  An orc (D:3)
  9 bats
  4 endoplasms
  3 giant cockroaches
  3 goblins
  2 hobgoblins
  2 kobolds
  3 quokkas
  5 ball pythons
  3 rats (D:3)
43 creatures vanquished.

Vanquished Creatures (others)
  6 plants
6 creatures vanquished.

Grand Total: 49 creatures vanquished

Notes
Turn   | Place    | Note
-------+----------+-------------------------------------------
     0 | D:1      | PeterMcNeter the Draconian Transmuter began the quest for
                  | the Orb.
     0 | D:1      | Reached XP level 1. HP: 16/16 MP: 3/3
   319 | D:1      | Reached XP level 2. HP: 23/23 MP: 3/5
   403 | D:1      | Reached skill level 2 in Dodging
   724 | D:1      | Found a faded altar of an unknown god.
   908 | D:2      | Reached XP level 3. HP: 25/28 MP: 4/6
   912 | D:2      | Learned a level 3 spell: Spider Form
  1876 | D:3      | Found a large runed translucent door.
  1887 | D:3      | Found a large runed translucent door.
  1913 | D:3      | Found a bloodstained altar of Trog.
  2244 | D:3      | Reached XP level 4. HP: 24/36 MP: 5/7
  2448 | D:3      | Noticed Terence
  2456 | D:3      | HP: 7/36 [Terence (6)]
  2459 | D:3      | Slain by Terence

Illustrated notes

Levels and vault maps discovered:
D:1:      nzn_arrival_settlement, layout_rooms, chequers_ecumenical_altar_lobes,
          serial_bayou_pond_c
D:2:      wad_lake_hut, layout_loops_ring, minmay_fountain_box,
          minmay_tetromino_s2
D:3:      layout_loops_ring, jmf_multi_god_temple2,
          mainiacjoe_overflow_small_starburst, minmay_snake_closets,
          uniq_terence

Skill      XL: |  1  2 |
---------------+-------+-----
Dodging        | 2 |  2.2
Fighting       | |  1.7
Stealth        | |  0.8
Shields        | |  0.3
Unarmed Combat | |  3.8
Spellcasting   | |  2.3
Transmutations | |  2.3
Poison Magic   | |  0.4

Action                   |  1- 3 |  4- 6 || total
-------------------------+-------+-------++-------
Melee: Unarmed           |   106 |    10 ||   116
       Headbutt          |    13 |     2 ||    15
       Kick              |    14 |     3 ||    17
       Tailslap          |     8 |       ||     8
 Cast: Beastly Appendage |    27 |     2 ||    29
       Spider Form       |       |     1 ||     1
  Use: Scroll            |       |     3 ||     3
 Stab: Sleeping          |     1 |     1 ||     2
Armor: Skin              |    34 |       ||    34
Dodge: Dodged            |    78 |     9 ||    87

Table legend: (Time is in decaauts)
 A = Elapsed time spent in this place.
 B = Non-inter-level travel time spent in this place.
 C = Inter-level travel time spent in this place.
 D = Time resting spent in this place.
 E = Time spent auto-exploring this place.
 F = Levels seen in this place.
 G = Mean time per level.
                   A        B        C        D        E       F      G
               +--------+--------+--------+--------+--------+-----+--------+
         Total |   2458 |   2375 |     83 |      0 |   2075 |   3 |  819.3 |
       Dungeon |   2458 |   2375 |     83 |      0 |   2075 |   3 |  819.3 |
               +--------+--------+--------+--------+--------+-----+--------+

Top non-repeatable levels by time:
     D:1: 903 daAuts
     D:2: 851 daAuts
     D:3: 702 daAuts

Table legend:
 A = Kills in this place as a percentage of kills in entire the game.
 B = Kills by you in this place as a percentage of kills by you in the entire game.
 C = Kills by friends in this place as a percentage of kills by friends in the entire game.
 D = Other kills in this place as a percentage of other kills in the entire game.
 E = Experience gained in this place as a percentage of experience gained in the entire game.
 F = Experience gained in this place divided by the number of levels of this place that you have seen.
                   A       B       C       D       E      F
               +-------+-------+-------+-------+-------+----------------------
         Total | 100.0 | 100.0 |   N/A |   N/A | 100.0 |  39.7
       Dungeon | 100.0 | 100.0 |   N/A |   N/A | 100.0 |  39.7
               +-------+-------+-------+-------+-------+----------------------
